 Dungeon Crawl Stone Soup version 0.19.5 (webtiles) character file.

233 Inarius the Shield-Bearer (level 5, 0/47 HPs)
             Began as a Minotaur Fighter on Apr 27, 2017.
             Killed from afar by raph's ghost (10 damage)
             ... with a flame tongue
             ... in a sewer.
             The game lasted 00:07:39 (2859 turns).

Inarius the Shield-Bearer (Minotaur Fighter)        Turns: 2859, Time: 00:07:39

Health: 0/47       AC:  6    Str: 25    XL:     5   Next: 74%
Magic:  4/4        EV:  9    Int:  5    God:
Gold:   118        SH: 10    Dex: 11    Spells: 0 memorised, 4 levels left

rFire  . . .     SeeInvis .     a - +0 long sword
rCold  + . .     Gourm    .     n - +0 ring mail
rNeg   . . .     Faith    .     c - +0 shield
rPois  .         Spirit   .     (helmet restricted)
rElec  .         Reflect  .     (no cloak)
rCorr  .         Harm     .     (no gloves)
MR     .....                    (no boots)
Stlth  +.........               (no amulet)
                                (no ring)
                                i - ring of protection from cold

@: mighty
A: retaliatory headbutt, horns 2
a: no special abilities


You were in a sewer.
You were not hungry.

You visited 1 branch of the dungeon, and saw 4 of its levels.
You also visited: Sewer.

You collected 118 gold pieces.

Inventory:

Hand Weapons
 a - a +0 long sword (weapon)
Armour
 c - a +0 shield (worn)
 k - a +0 pair of gloves
 n - a +0 ring mail (worn)
Jewellery
 i - a ring of protection from cold (left hand)
Wands
 z - a wand of slowing (30/48)
Scrolls
 b - 2 scrolls of teleportation {unknown}
 e - 2 scrolls of remove curse
 g - 2 scrolls of magic mapping {unknown}
 h - 2 scrolls of enchant armour {unknown}
 j - 2 scrolls of blinking {unknown}
 l - a scroll of immolation {unknown}
 o - a scroll of enchant weapon {unknown}
 p - a scroll of recharging {unknown}
 r - 3 scrolls of identify {unknown}
Potions
 d - a potion of might
 m - 2 potions of magic {unknown}
 q - a potion of flight {unknown}
 s - a potion of cancellation {unknown}
 u - 3 potions of curing {unknown}
 v - 2 potions of heal wounds {unknown}
 w - 2 potions of haste {unknown}
 x - a potion of degeneration {unknown}
Comestibles
 f - 2 bread rations
 t - a slice of pizza
 A - 3 chunks of flesh


   Skills:
 + Level 4.5 Fighting
 + Level 4.4 Long Blades
 + Level 4.7 Armour
 + Level 1.4 Dodging
 + Level 0.6 Stealth
 + Level 4.9 Shields


You had 4 spell levels left.
You didn't know any spells.

Dungeon Overview and Level Annotations

Branches:
Dungeon (4/15)
 Temple: D:4-7

Altars:

Annotations:
Sewer raph's ghost, amateur HOFE


Innate Abilities, Weirdness & Mutations

You reflexively headbutt those who attack you in melee.
You have a pair of horns on your head.


Message History

Raph's ghost hits you but does no damage. x2
You closely miss raph's ghost. Your headbutt misses raph's ghost.
Raph's ghost is lightly damaged.
Raph's ghost hits you.
* * * LOW HITPOINT WARNING * * *
x2 You feel very mighty all of a sudden.
You block raph's ghost's attack.
You closely miss raph's ghost.
Raph's ghost is lightly damaged.
You block raph's ghost's attack.
You barely miss raph's ghost. Your headbutt misses raph's ghost.
Raph's ghost is lightly damaged.
Raph's ghost gestures at you while chanting.
The puff of flame hits you!
* * * LOW HITPOINT WARNING * * *
You slash raph's ghost!
Raph's ghost is moderately damaged.
Raph's ghost gestures at you while chanting.
The flame tongue hits you!
You die...

≈≈≈≈≈≈≈≈.
#≈..≈...# ≈
##.≈≈≈.≈≈## .
≈.##≈...≈≈.≈≈##.≈
.≈.......≈.≈.≈.≈.
≈≈≈.≈.≈.≈.......≈
≈≈≈≈.≈≈....≈.≈.≈≈
≈≈.≈≈≈.∩.∩.≈≈≈≈≈≈
.....≈...@W...≈.≈
≈≈.≈.≈.≈..≈....≈≈
.≈≈≈...≈.........
.≈##≈≈≈.≈≈..≈##.≈
. ##≈≈≈...≈## .
#≈≈≈..≈≈#
≈≈≈.≈≈≈..
.≈≈≈.≈≈≈≈≈≈


You could see raph's ghost.

Vanquished Creatures
  A scorpion (D:4)
  A centaur zombie (D:3)
  2 river rats (D:4)
  4 adders
  An ooze (D:1)
  3 worms
  2 dart slugs
  A leopard gecko (D:3)
  An orc (D:3)
  4 ball pythons
  10 bats
  5 giant cockroaches
  9 goblins
  10 hobgoblins
  5 jackals
  A quokka (D:2)
  A frilled lizard (D:1)
  8 kobolds
  6 rats
75 creatures vanquished.

Notes
Turn   | Place    | Note
-------+----------+-------------------------------------------
     0 | D:1      | Inarius the Minotaur Fighter began the quest for the Orb.
     0 | D:1      | Reached XP level 1. HP: 19/19 MP: 0/0
   221 | D:1      | Reached XP level 2. HP: 27/27 MP: 1/1
   797 | D:2      | Reached XP level 3. HP: 32/33 MP: 2/2
  1272 | D:2      | Reached XP level 4. HP: 40/40 MP: 3/3
  1648 | D:3      | Reached skill level 1 in Dodging
  2233 | D:3      | Reached XP level 5. HP: 47/47 MP: 4/4
  2796 | D:4      | Found a glowing drain.
  2815 | Sewer    | Entered a sewer
  2841 | Sewer    | Noticed raph's ghost (amateur HOFE)
  2859 | Sewer    | Killed from afar by raph's ghost

Skill      XL: |  1  2  3  4  5 |
---------------+----------------+-----
Fighting       | 4 |  4.5
Shields        | 4 |  4.9
Armour         | 4 |  4.7
Long Blades    | 3 4 |  4.4
Dodging        | 1 |  1.4
Stealth        | |  0.6

Action                   |  1- 3 |  4- 6 || total
-------------------------+-------+-------++-------
Melee: Long sword        |    98 |   117 ||   215
       Headbutt          |    16 |    16 ||    32
  Use: Scroll            |       |     1 ||     1
       Potion            |       |     1 ||     1
  Eat: Chunk             |     1 |     4 ||     5
       Beef jerky        |       |     1 ||     1
Armor: Scale mail        |    14 |       ||    14
       Ring mail         |    32 |    28 ||    60
Dodge: Dodged            |    38 |    32 ||    70
Block: Shield            |    75 |    70 ||   145
       Rpst.: Long sword |     8 |     7 ||    15
